 Dungeon Crawl Stone Soup version 0.30.1-4-g462c640d31 (webtiles) character file.

Game seed: 14444119507520614289

28 HagarQim the Ruffian (level 3, 0/42 HPs)
             Began as a Gnoll Wanderer on Aug 29, 2023.
             Slain by a cerulean imp
             ... wielding a +1 spear
             ... summoned by Natasha
              (4 damage)
             ... on level 2 of the Dungeon.
             The game lasted 00:02:37 (920 turns).

HagarQim the Ruffian (Gnoll Wanderer)                Turns: 920, Time: 00:02:37

Health: 0/42       AC: 21    Str: 15    XL:     3   Next: 12%
Magic:  4/4        EV:  2    Int: 12    God:
Gold:   45         SH:  0    Dex:  8    Spells: 3/3 levels left

rFire   . . .        a - +2 short sword
rCold   . . .        (no shield)
rNeg    . . .        e - melded +0 ring mail
rPois   +            (helmet currently unavailable)
rElec   .            (cloak currently unavailable)
rCorr   .            (gloves currently unavailable)
SInv    .            (boots currently unavailable)
Will    .....        (no amulet)
Stlth   +            (no ring)
HPRegen 0.27/turn    (no ring)
MPRegen 0.09/turn

%: no passive effects
@: tree-form
A: stationary, stasis, torment immunity, boosted hp, (fangs 1), strong nose,
distributed training
a: no special abilities


You were on level 2 of the Dungeon.
You were a tree.
You visited 1 branch of the dungeon, and saw 2 of its levels.

You collected 45 gold pieces.

Inventory:

Hand Weapons
 a - a +2 short sword (weapon)
Armour
 e - a +0 ring mail (melded)
Magical Staves
 c - a staff of conjuration
Scrolls
 f - 2 scrolls of blinking {unknown}
 g - a scroll of identify {unknown}
Potions
 d - a potion of brilliance
 h - a potion of curing


   Skills:
 + Level 2.6 Fighting
 + Level 4.5 Short Blades
 + Level 0.7 Long Blades
 + Level 0.7 Axes
 + Level 0.7 Maces & Flails
 + Level 0.7 Polearms
 + Level 0.7 Staves
 + Level 0.7 Ranged Weapons
 + Level 0.7 Throwing
 + Level 6.5 Armour
 + Level 2.6 Dodging
 + Level 0.7 Stealth
 + Level 0.7 Shields
 + Level 6.5 Unarmed Combat
 + Level 0.7 Spellcasting
 + Level 0.5 Conjurations
 + Level 0.5 Hexes
 + Level 0.5 Summonings
 + Level 0.5 Necromancy
 + Level 0.5 Translocations
 + Level 0.5 Transmutations
 + Level 0.5 Fire Magic
 + Level 0.5 Ice Magic
 + Level 0.5 Air Magic
 + Level 0.5 Earth Magic
 + Level 0.5 Poison Magic
 + Level 0.9 Invocations
 + Level 0.7 Evocations


You had 3 spell levels left.
You didn't know any spells.
Your spell library contained the following spells:

 Spells                   Type           Power      Damage    Failure   Level
 Tukima's Dance           Hex            1%         N/A       58%         3
 Passage of Golubria      Tloc           1%         N/A       94%         4
 Yara's Violent Unravell  Hex/Tmut       0%         3d3       100%        5


Dungeon Overview and Level Annotations

Branches:
Dungeon (2/15)

Altars:

Annotations:
D:2 Natasha


Innate Abilities, Weirdness & Mutations

You are a tree.
Your roots penetrate the ground, keeping you stationary.
You cannot be teleported.
You are immune to unholy pain and torment.
Your maximum health is greatly increased.
Your equipment is partially melded.
((You have very sharp teeth.))
Your uncanny sense of smell can sniff out nearby items.
Your experience applies equally to all skills.


Message History

The magic dart hits you.
* * * LOW HITPOINT WARNING * * *
Really quaff the potion of lignification?
Okay, then.
Really quaff the potion of lignification?
You turn into a tree.
Your +0 ring mail melds into your body.
Your roots penetrate the ground.
The quokka bites you but does no damage.
The cerulean imp completely misses you. Natasha claws you but does no damage.
The quokka bites you but does no damage.
You hit Natasha.
Natasha is lightly wounded.
The cerulean imp barely misses you.
Natasha stares at you and mumbles some strange words.
You resist with significant effort.
The quokka bites you but does no damage.
You closely miss Natasha.
Natasha is lightly wounded.
The cerulean imp hits you but does no damage.
The quokka bites you but does no damage.
You closely miss Natasha. Your punch misses Natasha.
Natasha is lightly wounded.
Natasha claws you but does no damage.
The cerulean imp hits you but does no damage.
You barely miss Natasha.
Natasha is lightly wounded.
The quokka bites you.
* * * LOW HITPOINT WARNING * * *
Natasha claws you.
* * * LOW HITPOINT WARNING * * *
You closely miss Natasha.
Natasha is lightly wounded.
The quokka bites you but does no damage.
The cerulean imp hits you but does no damage.
Natasha claws you but does no damage.
You barely miss Natasha.
Natasha is lightly wounded.
The quokka bites you but does no damage.
The cerulean imp hits you with a +1 spear.
You die...

#......#.#.. ...
#..(...#.#.# ..#.
#....†..#.##...#
#..............
......#..........
#####.###........
##.#......##..
...##.h..#........
......5♣).......#.
...#..r.##......#
..................
.....##.##$.#..#..
...## #.###..#....
.. ... ....... .
... ..<.... ...
.......


You could see Natasha, a cerulean imp (summoned) and a quokka.

Vanquished Creatures
  4 bats (D:1)
  3 endoplasms (D:1)
  2 giant cockroaches (D:1)
  A goblin (D:2)
  2 hobgoblins (D:1)
  4 jackals (D:1)
  A quokka (D:1)
  6 ball pythons
  A frilled lizard (D:1)
  A rat (D:2)
25 creatures vanquished.

Notes
Turn   | Place    | Note
-------+----------+-------------------------------------------
     0 | D:1      | HagarQim the Gnoll Wanderer began the quest for the Orb.
     0 | D:1      | HagarQim set off with the following items: a +2 short
                  | sword, a potion of lignification, a +0 ring mail, a potion
                  | of brilliance.
     0 | D:1      | Reached XP level 1. HP: 17/17 MP: 1/1
   162 | D:1      | Reached XP level 2. HP: 23/23 MP: 2/2
   624 | D:1      | Reached XP level 3. HP: 23/28 MP: 3/3
   901 | D:2      | Noticed Natasha
   920 | D:2      | Slain by a cerulean imp

Illustrated notes

Levels and vault maps discovered:
D:1:      nzn_arrival_crosshair, layout_loops_cross
D:2:      layout_rooms, uniq_natasha

Action                     || total
---------------------------++-------
  Melee: Short sword       ||   112
         Bite              ||     4
         Punch             ||     1
    Use: Scroll            ||     1
         Potion            ||     2
 Armour: Ring mail         ||    33
         Skin              ||    12
  Dodge: Dodged            ||    65
